[Event "*** Monthly 3|2 Blitz Masters"]
[Site "Chess.com"]
[Date "2014.10.28"]
[Round "8"]
[White "gumersindo"]
[Black "XeresLt"]
[Result "1-0"]
[WhiteElo "2157"]
[BlackElo "2266"]
[TimeControl "180+2"]
[EndTime "13:31:05 PDT"]
[Termination "gumersindo won by resignation"]

1. d4 Nf6 2. c4 g6 3. Nc3 Bg7 4. e4 O-O 5. Nf3 d6 6. Be2 e5 7.
O-O Nc6 8. d5 Ne7 9. Ne1 a5 10.
Nd3 a4 11. f3 Bd7 12. Be3 b6 13. b4 axb3 14. axb3 Nh5 15. b4 f5 16. c5 bxc5 17. bxc5 Nf4 18. c6 Be8 19. Rxa8 Qxa8 20. Nxf4 exf4 21.
Bd4 fxe4 22. fxe4 g5 23. Bxg7 Kxg7 24. Qd4+ Kg8 25. Nb5 Qb8 26. Ra1 Ng6 27. Ra7 Rf7 28. Bg4 Qxb5 29. Be6 Qb1+ 30. Kf2 Qc2+ 31. Kg1 Qc1+ 32.
Kf2 Qc2+ 33. Kf1 Ne5 34. Rxc7 f3 35. gxf3 Nxf3 36. Bxf7+ Bxf7 37. Rc8+ Be8 38. Rxe8+ Kf7 39. Rf8+ Kxf8 40. Qf6+ Kg8 41. Qxf3 Kg7 42. h3 h6 43. Qf5 Qc1+ 44. Kf2 Qd2+ 45. Kg3 Qe3+ 46. Qf3 Qg1+ 47.
Qg2 Qe3+ 48. Kh2 Qf4+ 49. Kh1 Qc1+ 50. Qg1 Qc2 51. Qe3 Kg6 52. e5 Qd1+ 53. Kh2 Qc2+ 54. Kg3 h5 55. exd6 h4+ 56. Kf3 Qd1+ 57. Kf2 Qc2+ 58. Qe2 Qf5+ 59. Kg1 Qxd5 60. c7 Qd4+ 61. Qf2 Qd1+ 62. Kg2 Qd5+ 63. Qf3 Qd2+ 64. Kf1 Qc1+ 65. Ke2 Qc2+ 66. Ke3 Qc3+ 67. Ke4 Qc6+ 68. Ke3 Qc3+ 69. Kf2 Qd2+ 70. Qe2 Qf4+ 71. Kg1 Qg3+ 72. Qg2 Qe1+ 73.
Kh2 Qe5+ 74. Kh1 Qe1+ 75. Qg1 Qe4+ 76. Kh2 Qe2+ 77. Qg2 Qe5+ 78. Kg1 Qe1+ 79. Qf1 Qg3+ 80. Kh1 Qxd6 81. c8=Q Qd5+ 82. Kg1 Qd4+ 83. Qf2 Qd1+ 84. Kg2 Qd5+ 85. Kf1 Qd1+ 86. Qe1 Qf3+ 87. Kg1 1-0

[Event "*** Monthly 3|2 Blitz Masters"]
[Site "Chess.com"]
[Date "2014.10.28"]
[Round "9"]
[White "dsanchez1973"]
[Black "ilmago"]
[Result "0-1"]
[WhiteElo "1826"]
[BlackElo "1804"]
[TimeControl "180+2"]
[EndTime "13:36:09 PDT"]
[Termination "ilmago won by checkmate"]

1. e4 c5 2. Nf3 d6 3. d4 cxd4 4.
Nxd4 Nf6 5. Nc3 a6 6. Be3 e6 7. g4 d5 8. e5 Nfd7 9. f4 Nc6 10. h4 Bb4 11. Qd3 Qa5 12. h5 Nc5 13. Qd2 Ne4 14.
Nxc6 bxc6 15. Qd3 Nxc3 16. bxc3 Bxc3+ 17. Bd2 Bxd2+ 18. Qxd2 Qxd2+ 19. Kxd2 c5 20. a4 c4 21. a5 Bd7 22. Kc3 Ke7 23. Kd4 Rab8 24. c3 Rb2 25. Bh3 Rhb8 26. Rhd1 Rf2 27. f5 Rf3 28. Bg2 Rg3 29.
fxe6 fxe6 30. Rg1 Rxg4+ 31. Kc5 Rb5# 0-1

[Event "*** Monthly 3|2 Blitz Masters"]
[Site "Chess.com"]
[Date "2014.10.28"]
[Round "9"]
[White "VovAn1991"]
[Black "THORK"]
[Result "1-0"]
[WhiteElo "2336"]
[BlackElo "2167"]
[TimeControl "180+2"]
[EndTime "13:36:35 PDT"]
[Termination "VovAn1991 won by resignation"]

1. f4 d5 2. g3 g6 3. Nf3 Bg7 4. Bg2 h5 5. d3 d4 6. c3 c5 7. cxd4 cxd4 8. Ne5 h4 9. g4 h3 10. Bf3 e6 11. Na3 Bxe5 12. fxe5 Qa5+ 13. Bd2 Qxe5 14. Nc4 Qc7 15. Bb4 Ne7 16. Nd6+ Kf8 17. Rc1 Nbc6 18. O-O Bd7 19. Bxc6 Bxc6 20. Rxf7+ Kg8 21. Qf1 Rh7 22. Rxh7 Kxh7 23. Qf7+ Kh6 24. Bd2+ g5 25. Qf6+ Kh7 26. Nf7 Nd5 27. Nxg5+ Kg8 28. Qxe6+ Kh8 29.
Rf1 Rg8 30. Nf7+ 1-0

[Event "*** Monthly 3|2 Blitz Masters"]
[Site "Chess.com"]
[Date "2014.10.28"]
[Round "9"]
[White "SabinaFoisor"]
[Black "DanielRensch"]
[Result "0-1"]
[WhiteElo "2220"]
[BlackElo "2346"]
[TimeControl "180+2"]
[EndTime "13:36:58 PDT"]
[Termination "DanielRensch won by resignation"]

1. d4 Nf6 2. c4 e6 3. Nc3 Bb4 4.
Qc2 O-O 5. Nf3 d5 6. Bg5 h6 7. Bxf6 Qxf6 8. e3 c6 9. c5 Nd7 10. a3 Ba5 11. b4 Bc7 12. Be2 e5 13. O-O e4 14. Nd2 Qg5 15. f4 exf3 16. Rxf3 Nf6 17. Nf1 Re8 18. Bd3 Bg4 19. Rf2 Bh5 20. Re1 Ng4 21.
Rf5 Qh4 22. g3 Qh3 23. Rf4 Bxf4 24. gxf4 Nxe3 0-1

[Event "*** Monthly 3|2 Blitz Masters"]
[Site "Chess.com"]
[Date "2014.10.28"]
[Round "9"]
[White "David_Klein"]
[Black "oggy1984"]
[Result "1-0"]
[WhiteElo "2360"]
[BlackElo "2231"]
[TimeControl "180+2"]
[EndTime "13:36:59 PDT"]
[Termination "David_Klein won by resignation"]

1. e4 c5 2. Nf3 e6 3. g3 d5 4.
exd5 exd5 5. d4 Nc6 6. Bg2 Qe7+ 7. Be3 cxd4 8. Nxd4 Nf6 9. O-O Bg4 10. Qd3 O-O-O 11.
Nc3 Qd7 12. Ncb5 a6 13. Nxc6 bxc6 14. Nd4 Qb7 15. h3 Bd7 16. b4 Bd6 17. Rab1 Rhe8 18.
a4 Ne4 19. b5 axb5 20. axb5 c5 21. Nc6 Bxc6 22. bxc6 Qxc6 23. c4 f5 24. cxd5 Qa8 25.
Ra1 Qb7 26. Rfb1 Qc7 27. Qa6+ Kd7 28. Rb7 Nxg3 29. Qc6+ 1-0

[Event "*** Monthly 3|2 Blitz Masters"]
[Site "Chess.com"]
[Date "2014.10.28"]
[Round "9"]
[White "gumersindo"]
[Black "jbj"]
[Result "0-1"]
[WhiteElo "2152"]
[BlackElo "2309"]
[TimeControl "180+2"]
[EndTime "13:37:09 PDT"]
[Termination "jbj won by resignation"]

1. d4 Nf6 2. c4 e6 3. Nc3 Bb4 4.
Qc2 d5 5. e3 O-O 6. Nf3 dxc4 7.
Bxc4 c5 8. dxc5 Bxc5 9. O-O Nc6 10. a3 b6 11. b4 Be7 12. Bb2 Bb7 13. Rfd1 Qc8 14.
Nb5 Rd8 15. Rxd8+ Qxd8 16. Rd1 Qc8 17. Nd6 Bxd6 18. Rxd6 Ne7 19. Bxf6 gxf6 20. Qd3 Nf5 21. Rd7 Bc6 22. Rxf7 Kxf7 23. Qxf5 Bxf3 24. Qxh7+ Kf8 25. Qh8+ Ke7 26. Qg7+ Kd6 27. Qg3+ e5 28. Qxf3 Qxc4 29. Qxf6+ Qe6 30. Qf3 Rc8 31. h3 Rc1+ 32. Kh2 e4 33. Qf8+ Qe7 34. Qh6+ Kd5 35. Qg5+ Qxg5 0-1

[Event "*** Monthly 3|2 Blitz Masters"]
[Site "Chess.com"]
[Date "2014.10.28"]
[Round "9"]
[White "ruzomberok"]
[Black "chesstatour"]
[Result "1-0"]
[WhiteElo "2201"]
[BlackElo "1784"]
[TimeControl "180+2"]
[EndTime "13:37:39 PDT"]
[Termination "ruzomberok won by resignation"]

1. d4 f5 2. Bg5 g6 3. Nc3 Bg7 4.
h4 c5 5. d5 Qb6 6. Rb1 Nf6 7.
h5 Nxh5 8. e4 d6 9. exf5 Bxf5 10. Be2 Nf6 11. Bd3 Bxd3 12. Qxd3 Na6 13. Nh3 O-O-O 14. Nf4 Nc7 15. O-O h6 16. Bxf6 Bxf6 17. Nxg6 Rhg8 18. Rfe1 Qb4 19. Nxe7+ Bxe7 20. Rxe7 Rg5 21. Qf3 Rdg8 22. g3 h5 23. Qf7 Na6 24. Re8+ Rxe8 25. Qxe8+ Kc7 26. Qe7+ Kb6 27. Qxg5 Qd4 28.
Qxh5 1-0

[Event "*** Monthly 3|2 Blitz Masters"]
[Site "Chess.com"]
[Date "2014.10.28"]
[Round "9"]
[White "brauliocuarta"]
[Black "JamesColeman"]
[Result "0-1"]
[WhiteElo "1980"]
[BlackElo "2294"]
[TimeControl "180+2"]
[EndTime "13:38:13 PDT"]
[Termination "JamesColeman won by checkmate"]

1. d4 Nf6 2. c4 e6 3. Nc3 Bb4 4.
e3 b6 5. Bd3 Bb7 6. f3 c5 7. a3 Bxc3+ 8. bxc3 d5 9. cxd5 exd5 10. Ne2 O-O 11. O-O Re8 12. Ng3 Nc6 13. a4 Rc8 14.
Kh1 Na5 15. Rb1 cxd4 16. cxd4 Nc4 17. Bxc4 Rxc4 18. Nf5 Bc8 19. g4 Bxf5 20. gxf5 Qc8 21.
Qd3 Rc3 22. Qd2 Qc4 23. Rg1 Rc2 24. Qe1 Qa2 25. Qh4 Rec8 26. Ba3 Qxa3 27. Qxf6 Qf8 28. Rxg7+ Qxg7 29. Rg1 Qxg1+ 30. Kxg1 Ra2 31. Qg5+ Kh8 32. Qf6+ Kg8 33. Qg5+ Kf8 34. f6 Rc1# 0-1

[Event "*** Monthly 3|2 Blitz Masters"]
[Site "Chess.com"]
[Date "2014.10.28"]
[Round "9"]
[White "wannabe2700"]
[Black "marabu44"]
[Result "1-0"]
[WhiteElo "2256"]
[BlackElo "2203"]
[TimeControl "180+2"]
[EndTime "13:38:43 PDT"]
[Termination "wannabe2700 won on time"]

1. d4 e6 2. c4 f5 3. g3 Nf6 4.
Bg2 d5 5. Nh3 c6 6. O-O Bd6 7.
b3 a5 8. Nf4 O-O 9. Nd3 Qe7 10.
Bb2 Nbd7 11. Nd2 Ne4 12. Nf3 a4 13. c5 Bc7 14. bxa4 e5 15. Nfxe5 Nxe5 16. dxe5 Re8 17. Bd4 Ba5 18. Qc2 Nd2 19. Rfd1 Nc4 20. f4 Be6 21.
Nb2 Nxb2 22. Qxb2 Ra7 23. Rab1 Rea8 24. Qc2 Bd8 25. Rb4 b5 26. cxb6 Qxb4 27. bxa7 Bb6 28. Qxc6 Bxd4+ 29. Kh1 Rxa7 30. Qe8+ Qf8 31. Qxe6+ Kh8 32.
Rxd4 h6 33. Bxd5 Re7 34. Qd6 Qe8 35. e6 Ra7 36. Bc6 Qh5 37. Qe5 1-0

[Event "*** Monthly 3|2 Blitz Masters"]
[Site "Chess.com"]
[Date "2014.10.28"]
[Round "9"]
[White "GedoGluperd"]
[Black "Th3ChessViking"]
[Result "1-0"]
[WhiteElo "2303"]
[BlackElo "2358"]
[TimeControl "180+2"]
[EndTime "13:38:44 PDT"]
[Termination "GedoGluperd won on time"]

1. d4 Nf6 2. Bg5 e6 3. Nd2 h6 4.
Bh4 g5 5. Bg3 d6 6. e4 Bg7 7. Bd3 Nc6 8. c3 Bd7 9. h4 Qe7 10. hxg5 hxg5 11. Rxh8+ Bxh8 12. Ngf3 Nh5 13. Bh2 O-O-O 14. Qc2 Nf4 15. Bf1 f5 16. O-O-O Bf6 17. Re1 Qg7 18. e5 dxe5 19. dxe5 Nxe5 20. Nxe5 Bxe5 21.
Nf3 Bf6 22. Bxf4 gxf4 23. Rd1 e5 24. Qb3 e4 25. Nd4 Bxd4 26. Rxd4 Qg8 27. Qa3 Kb8 28. Bc4 Qxg2 29. Rxd7 Qg1+ 30. Kc2 Qxf2+ 31. Kb3 Qb6+ 32. Kc2 Qf2+ 33. Kb3 Qb6+ 34. Ka4 c5 35. Rxd8+ Qxd8 36. Qxc5 Qd7+ 37. Kb3 1-0

[Event "*** Monthly 3|2 Blitz Masters"]
[Site "Chess.com"]
[Date "2014.10.28"]
[Round "9"]
[White "Alexander_Donchenko"]
[Black "vovkcoach"]
[Result "1-0"]
[WhiteElo "2360"]
[BlackElo "2494"]
[TimeControl "180+2"]
[EndTime "13:38:49 PDT"]
[Termination "Alexander_Donchenko won by resignation"]

1. d4 Nf6 2. c4 g6 3. Nc3 Bg7 4. g3 d6 5. Bg2 O-O 6. Nf3 c6 7. O-O Nbd7 8. e4 e5 9. h3 exd4 10.
Nxd4 Re8 11. Be3 a6 12. Qc2 Rb8 13. Rad1 Qc7 14. Rfe1 Ne5 15. b3 c5 16. Nde2 b5 17.
cxb5 axb5 18. Nf4 b4 19. Ncd5 Nxd5 20. Nxd5 Qa7 21. Kh2 Be6 22. Bg5 Bxd5 23. Rxd5 Rb6 24. Red1 Bf8 25. Bf4 Ra6 26. R1d2 Nc6 27. Bxd6 Bxd6 28.
Rxd6 Nb8 29. Rxa6 Nxa6 30. Bf1 Nb8 31. Bb5 Re6 32. Rd8+ Kg7 33. Qb2+ f6 34. Qd2 Qc7 35.
Bc4 Nc6 36. Rd7+ 1-0

[Event "*** Monthly 3|2 Blitz Masters"]
[Site "Chess.com"]
[Date "2014.10.28"]
[Round "9"]
[White "KaydenTroffChess"]
[Black "mokerslag"]
[Result "0-1"]
[WhiteElo "2348"]
[BlackElo "2322"]
[TimeControl "180+2"]
[EndTime "13:39:24 PDT"]
[Termination "mokerslag won by resignation"]

1. d4 Nf6 2. c4 e5 3. dxe5 Ng4 4.
Nf3 Bc5 5. e3 Nc6 6. Be2 O-O 7.
O-O Re8 8. Nbd2 Ncxe5 9. Nxe5 Nxe5 10. Nb3 Bf8 11. Nd4 a5 12. Bd2 Ra6 13. Bc3 Rh6 14. Nf5 Rg6 15. f4 Nc6 16. Bh5 Rge6 17. Bf3 g6 18. g4 gxf5 19. gxf5 Rxe3 20. Bxc6 Rxc3 21.
bxc3 dxc6 22. Qg4+ Kh8 23. Rae1 Bc5+ 24. Kh1 Rg8 25.
Qh3 Qf6 26. Re5 Bd6 27. Rxa5 b6 28. Ra8 Bc5 29. Qd3 Qg7 30. Qg3 Qh6 31. Qe1 Qg7 32. Qg3 Qf6 33. Qd3 h6 34. Qh3 Kh7 35. Qd3 Bxf5 0-1

[Event "*** Monthly 3|2 Blitz Masters"]
[Site "Chess.com"]
[Date "2014.10.28"]
[Round "9"]
[White "Danesz22"]
[Black "exoticprincess"]
[Result "1-0"]
[WhiteElo "2596"]
[BlackElo "2685"]
[TimeControl "180+2"]
[EndTime "13:39:32 PDT"]
[Termination "Danesz22 won by resignation"]

1. e4 c6 2. d4 d5 3. Nc3 dxe4 4.
Nxe4 Bf5 5. Ng3 Bg6 6. h4 h6 7. Nf3 Nd7 8. h5 Bh7 9. Bd3 Bxd3 10. Qxd3 e6 11. Bd2 Ngf6 12. O-O-O Be7 13. Kb1 Qb6 14.
Ne4 Nxe4 15. Qxe4 Nf6 16. Qe5 Qb5 17. Rde1 Rd8 18. Qg3 Kf8 19. Ne5 Rxd4 20. Bc3 Rd8 21. Qf3 Bb4 22. Ng6+ fxg6 23. Bxf6 Rd7 24. Rxe6 Qf5 25.
Bxg7+ Kxg7 26. Rxg6+ Qxg6 27. hxg6 Bd2 28. Rd1 Re8 29.
a3 c5 30. Rxd2 Rxd2 31. Qf7+ 1-0

[Event "*** Monthly 3|2 Blitz Masters"]
[Site "Chess.com"]
[Date "2014.10.28"]
[Round "9"]
[White "Nouki"]
[Black "liczner"]
[Result "0-1"]
[WhiteElo "2576"]
[BlackElo "2431"]
[TimeControl "180+2"]
[EndTime "13:39:48 PDT"]
[Termination "liczner won by resignation"]

1. d4 Nf6 2. c4 c5 3. d5 b5 4. Nf3 Bb7 5. Qc2 bxc4 6. e4 e6 7. Bxc4 exd5 8. exd5 d6 9. O-O Be7 10.
Nc3 O-O 11. a4 Na6 12. Bf4 Nb4 13. Qd2 a6 14. Rfe1 Re8 15. Bg5 h6 16. Bh4 Nd7 17. Bg3 Nb6 18. b3 Qd7 19. Rad1 Bf8 20. a5 Nxc4 21. bxc4 Rxe1+ 22. Rxe1 Re8 23. h3 Rxe1+ 24. Qxe1 Qd8 25. Ne4 Bc8 26. Nfd2 Bf5 27. Qa1 Nc2 28. Qb2 Nb4 29. Qa3 Bxe4 30. Nxe4 f5 31.
Nd2 Qf6 32. Qe3 Nc2 33. Qe8 Nd4 34. f3 f4 35. Bf2 Nf5 36. Ne4 Qa1+ 37. Kh2 Ne3 38.
Bxe3 fxe3 39. Nxd6 Qf6 40. Ne4 Qf4+ 41. Ng3 Kh7 42. Qe4+ Qxe4 43. fxe4 Bd6 44. Kg1 Bxg3 45. Kf1 Kg6 46. Ke2 Kf6 47. Kxe3 Bd6 48. Kf3 Ke5 49. Kg4 g6 50. Kf3 Bc7 51. g4 g5 52. h4 Bxa5 53. Kg2 Bc7 54. hxg5 hxg5 55. Kf2 a5 56. Ke2 Kxe4 57.
Kd2 Bd6 0-1

[Event "*** Monthly 3|2 Blitz Masters"]
[Site "Chess.com"]
[Date "2014.10.28"]
[Round "9"]
[White "GeorgMeier"]
[Black "GMG"]
[Result "1/2-1/2"]
[WhiteElo "2550"]
[BlackElo "2412"]
[TimeControl "180+2"]
[EndTime "13:40:29 PDT"]
[Termination "Game drawn by agreement"]

1. Nf3 d5 2. g3 c6 3. Bg2 Bg4 4. c4 e6 5. O-O Nd7 6. cxd5 exd5 7. h3 Bxf3 8. Bxf3 Ngf6 9. d3 Bc5 10.
e3 h5 11. Bg2 Qc7 12. Nc3 O-O 13. Qc2 Rfe8 14. Rb1 d4 15. Na4 Bd6 16. exd4 h4 17. g4 Bh2+ 18. Kh1 Bf4 19. b4 Nf8 20. Nc5 Bxc1 21. Qxc1 Rad8 22. b5 cxb5 23. Rxb5 b6 24. Ne4 Qxc1 25. Nxf6+ gxf6 26. Rxc1 Rxd4 27. Be4 Ne6 28. Rh5 Nc5 29. Rxh4 Nxd3 30. Bxd3 Rxd3 31. Rc2 Kg7 32. Kg2 Ra3 33. Rh5 Re5 34. Rxe5 fxe5 35. f3 b5 36. h4 b4 37. Re2 a5 38. h5 f6 39. Kf2 a4 40. Rb2 b3 41. axb3 Rxb3 42.
Rc2 Rb7 43. Rc3 Ra7 44. Ra3 Kh6 45. Ke3 Kg5 46. Ke4 Ra5 47. Ke3 f5 48. Ke2 Ra8 49. Ke3 Ra5 50. Ke2 fxg4 51. fxg4 Kxg4 52. h6 Ra7 53. h7 Rxh7 54. Rxa4+ Kf5 55. Rb4 Rh2+ 56. Ke3 Rh3+ 57. Ke2 e4 58. Rb8 Rh2+ 59. Ke3 Rh3+ 60. Ke2 1/2-1/2

[Event "*** Monthly 3|2 Blitz Masters"]
[Site "Chess.com"]
[Date "2014.10.28"]
[Round "9"]
[White "GMHess"]
[Black "lorcho"]
[Result "1-0"]
[WhiteElo "2452"]
[BlackElo "2419"]
[TimeControl "180+2"]
[EndTime "13:40:30 PDT"]
[Termination "GMHess won by resignation"]

1. d4 e6 2. e4 d5 3. Nc3 Nf6 4.
Bg5 Be7 5. e5 Nfd7 6. h4 c5 7.
Nb5 O-O 8. Bxe7 Qxe7 9. Nc7 cxd4 10. Nxa8 f6 11. Qd2 fxe5 12. O-O-O Nc5 13. Nf3 Ne4 14. Qe1 Nc6 15. Bd3 Rf4 16. Bxe4 dxe4 17. Nxe5 Nxe5 18.
Rxd4 Qc5 19. Rd8+ Kf7 20. Qe3 Qxe3+ 21. fxe3 Rf2 22. Rxc8 Ng4 23. Re1 Rxg2 24. Rc7+ Kf6 25. Rxb7 h5 26. Nc7 g6 27. Ne8+ Kf5 28. Rb5+ e5 29. Nd6+ Ke6 30. Nxe4 Kf5 31. Ng5 Nf2 32. Rb4 Rg4 33. e4+ Kf4 34. Ne6+ Kf3 35. Rb3+ Kg2 36. Nc5 Rxh4 37. Nd3 Ng4 38. Re2+ Kf1 39. Kd2 g5 40. Ra3 Nf6 41. Rf2+ Kg1 42. Rxf6 g4 43.
Nxe5 Rh2+ 44. Ke3 Kg2 45. Ng6 g3 46. Nf4+ Kh1 47. Ne2 g2 48. Rd3 Rh3+ 49. Rf3 1-0

[Event "*** Monthly 3|2 Blitz Masters"]
[Site "Chess.com"]
[Date "2014.10.28"]
[Round "9"]
[White "MichiganEagle"]
[Black "alexsuper1987"]
[Result "1-0"]
[WhiteElo "2280"]
[BlackElo "2050"]
[TimeControl "180+2"]
[EndTime "13:41:10 PDT"]
[Termination "MichiganEagle won by resignation"]

1. d4 Nf6 2. Nf3 c5 3. d5 e6 4.
Nc3 exd5 5. Nxd5 Nxd5 6. Qxd5 Nc6 7. Bg5 Be7 8. O-O-O O-O 9. Bxe7 Qxe7 10. Qd6 Re8 11.
e3 Nb4 12. a3 Nc6 13. Bb5 Qxd6 14. Rxd6 Re6 15. Rhd1 Rxd6 16. Rxd6 Kf8 17. Rd5 b6 18. Ng5 h6 19. Ne4 a6 20. Bxc6 dxc6 21. Rd8+ Ke7 22. Rg8 g6 23. Rh8 h5 24. h4 Bb7 25. Rxa8 Bxa8 26.
Kd2 Bb7 27. Nc3 Bc8 28. Na4 b5 29. Nxc5 Kd6 30. b4 a5 31. e4 axb4 32. axb4 f5 33. exf5 Bxf5 34. c3 Kd5 35. Nb3 Be4 36. f3 Bb1 37.
Nc5 Kc4 38. Nd7 Bf5 39. Ne5+ Kd5 40. Nf7 c5 41. bxc5 Kxc5 42. Ng5 b4 43. cxb4+ Kxb4 44. Ke3 Kc5 45. Kf4 Kd5 46. g3 Bb1 47. Ne4 Ke6 48. Kg5 Kf7 49. Nc5 Bc2 50. Nd7 Kg7 51. Ne5 Bb1 52. Nc4 Bd3 53. Ne3 Be2 54. f4 Bd3 55. f5 Bxf5 56. Nxf5+ gxf5 57. Kxf5 Kh6 58. Kf6 Kh7 59. Kg5 1-0

[Event "*** Monthly 3|2 Blitz Masters"]
[Site "Chess.com"]
[Date "2014.10.28"]
[Round "9"]
[White "GMNeiksans"]
[Black "jcibarra"]
[Result "1-0"]
[WhiteElo "2519"]
[BlackElo "2462"]
[TimeControl "180+2"]
[EndTime "13:41:47 PDT"]
[Termination "GMNeiksans won by resignation"]

1. Nf3 Nf6 2. g3 g6 3. Bg2 Bg7 4. O-O O-O 5. c4 d6 6. Nc3 Nc6 7. d3 e5 8. Rb1 a5 9. a3 Re8 10. Nd2 Nd4 11. e3 Ne6 12. Nde4 Nxe4 13. dxe4 h5 14.
f4 exf4 15. exf4 Nc5 16. Qc2 h4 17. Be3 hxg3 18. hxg3 Bg4 19. Bxc5 dxc5 20. e5 Qd4+ 21. Qf2 c6 22. Ne4 Rad8 23. Nxc5 Qxc4 24. Nxb7 Rd3 25. Rbc1 Qa2 26. Nc5 Rdd8 27. Bxc6 Re7 28. Bb5 Rb8 29. a4 Qd5 30. Bc4 Qd8 31. b3 Rc7 32. Ne4 Qe7 33.
Rc2 Rd8 34. Rd2 Rxd2 35. Qxd2 Rd7 36. Nd6 Bxe5 37. fxe5 Qxe5 38. Qf4 Qxf4 39. Rxf4 Rxd6 40. Rxg4 Kg7 41. Kf2 f5 42. Rh4 Kf6 43. Ke3 Ke5 44. Rh8 Rd1 45. Re8+ Kf6 46. Ra8 Re1+ 47. Kf2 Re5 48.
Bb5 g5 49. Rxa5 g4 50. Ra8 Rc5 51. Re8 Rc3 52. Re2 Rxb3 53. Ra2 Ke5 54. Be2 f4 55. gxf4+ Kxf4 56. a5 Rh3 57. Bf1 Rh2+ 58. Bg2 Rh7 59. a6 g3+ 60. Kf1 Rc7 61. Ra1 Ra7 62. Bb7 Ke3 63.
Kg2 Rxa6 64. Bxa6 1-0

[Event "*** Monthly 3|2 Blitz Masters"]
[Site "Chess.com"]
[Date "2014.10.28"]
[Round "9"]
[White "Trendle"]
[Black "XeresLt"]
[Result "1-0"]
[WhiteElo "2217"]
[BlackElo "2257"]
[TimeControl "180+2"]
[EndTime "13:41:54 PDT"]
[Termination "Trendle won by resignation"]

1. e3 Nf6 2. e4 Nxe4 3. d4 d5 4. Nf3 c6 5. Bd3 Bf5 6. Nh4 Bg6 7. Nxg6 hxg6 8. Qf3 Nd6 9. Nc3 e6 10. Ne2 Nd7 11. Bf4 Be7 12. O-O-O Qa5 13. Kb1 Nc4 14. h4 Ndb6 15. Bc1 Bf6 16. g4 Na4 17. b3 Nc3+ 18. Nxc3 Qxc3 19. Be2 Qxf3 20.
Bxf3 Nd6 21. c3 Kd7 22. g5 Be7 23. Kc2 Nf5 24. h5 gxh5 25. Bxh5 g6 26. Bg4 b6 27.
Bf4 Bd6 28. Bd2 c5 29. dxc5 Bxc5 30. c4 Rxh1 31. Rxh1 dxc4 32. bxc4 Bxf2 33. Rf1 Bd4 34. Kd3 Bg7 35. Bb4 Rd8 36. Bxf5 Kc6+ 37. Ke3 gxf5 38. Rh1 Bd4+ 39. Kf4 Rh8 40. Rd1 Rh4+ 41. Kf3 e5 42.
Be7 Rf4+ 43. Kg3 Rg4+ 44. Kh3 Rg1 45. Rd2 f4 46. Kh2 Rg3 47. Bf6 Kc5 48. Re2 Kxc4 49. Bxe5 Rxg5 50. Bxf4 Rg4 51. Bg3 f5 52. Kh3 a5 53. Rc2+ Kd3 54. Rc6 Rg8 55. Bc7 Rc8 56. Rc1 Kd2 57. Bf4+ Be3 58. Bxe3+ Kxe3 59. Rxc8 f4 60.
Kg2 1-0